AoeStats
← Shawn96

MegaRandom

508561685Analyzed
4v4 RM · 10d ago on Sep 23, 2026· 47m 49s· 8 players
Game mode
Random Map
Map size
Large (8 player)
Population
200
Speed
Normal
Resources
Standard
Victory
Conquest
Starting age
Dark Age
Ending age
Imperial Age
RankedLock teamsTeams togetherTeam positionsShared explorationLock speedFull tech treeHidden civsTurbo modeCheats
Victory
Defeat
🇺🇸 Wei · United States
1433
+13
🇨🇦 Teutons · Canada
1430
+13
🇺🇸 Magyars · United States
1356
+16
🇨🇦 Burmese · Canada
1275
+18
🇵🇪 Aztecs · Peru
1384
-16
🇦🇺 Bulgarians · Australia
1360
-15
🇺🇸 Khmer · United States
1357
-15
🇨🇱 Huns · Chile
1316
-14
ObelusCipher
0:32 Loom
9:42 Feudal Age
11:42 Double-Bit Axe
16:19 Forging
16:59 Scale Barding Armor
21:28 Wheelbarrow
24:10 Castle Age
22:45 Bloodlines
23:40 Gold Mining
24:16 Light Cavalry
25:18 Chain Barding Armor
25:35 Iron Casting
25:17 Bow Saw
25:33 Husbandry
29:49 Fletching
33:58 Bodkin Arrow
40:27 Horse Collar
45:42 Imperial Age
45:48 Cavalier
47:06 Plate Barding Armor
47:32 Blast Furnace
genghis bong
0:33 Loom
9:43 Feudal Age
11:35 Double-Bit Axe
14:44 Horse Collar
18:49 Wheelbarrow
18:27 Town Watch
19:37 Bloodlines
22:37 Castle Age
21:58 Scale Barding Armor
22:23 Forging
23:44 Chain Barding Armor
23:57 Chain Barding Armor
31:50 Husbandry
35:12 Wheelbarrow
35:47 Iron Casting
35:53 Fletching
37:01 Town Patrol
41:40 Imperial Age
39:35 Light Cavalry
43:17 Plate Barding Armor
42:43 Cavalier
45:35 Hussar
AiM | XiøFabrY
2:53 Loom
10:39 Feudal Age
11:22 Double-Bit Axe
21:33 Castle Age
20:00 Fletching
19:59 Horse Collar
20:54 Padded Archer Armor
21:04 Stone Mining
21:07 Gold Mining
23:27 Leather Archer Armor
22:38 Elite Skirmisher
25:42 Wheelbarrow
29:10 Bloodlines
29:01 Husbandry
30:50 Gold Shaft Mining
31:06 Ballistics
32:56 Husbandry
33:55 Bodkin Arrow
40:27 Imperial Age
39:09 Thumb Ring
40:07 Town Watch
40:37 Hand Cart
40:57 Scale Barding Armor
41:03 Forging
41:42 Parthian Tactics
41:47 Heavy Plow
42:32 Bracer
43:53 Cavalier
45:42 Conscription
45:38 Marauders
46:02 Bow Saw
47:05 Iron Casting
46:51 Chain Barding Armor
LE | Andreu
0:39 Loom
11:39 Feudal Age
12:48 Double-Bit Axe
14:16 Fletching
14:26 Padded Archer Armor
24:07 Castle Age
22:56 Gold Mining
24:12 Stone Mining
24:08 Horse Collar
25:04 Bodkin Arrow
24:44 Crossbowman
35:43 Ballistics
35:39 Leather Archer Armor
36:35 Gold Shaft Mining
40:08 Imperial Age
41:17 Wheelbarrow
40:27 Town Watch
40:44 Heavy Plow
40:57 Bow Saw
41:15 Bracer
40:39 Arbalester
43:27 Chemistry
whitewidow52
0:34 Loom
10:25 Feudal Age
11:11 Double-Bit Axe
11:14 Horse Collar
22:52 Scale Barding Armor
29:04 Castle Age
27:14 Gold Mining
28:06 Bloodlines
30:05 Chain Barding Armor
29:50 Husbandry
37:47 Wheelbarrow
46:24 Hand Cart
Ice2207
0:31 Loom
9:48 Feudal Age
12:21 Double-Bit Axe
14:35 Wheelbarrow
16:14 Wheelbarrow
18:51 Castle Age
17:01 Fletching
17:57 Padded Archer Armor
19:45 Bloodlines
19:33 Bodkin Arrow
22:13 Bow Saw
25:43 Husbandry
27:06 Ballistics
31:11 Leather Archer Armor
31:58 Hand Cart
38:11 Imperial Age
35:34 Horse Collar
36:17 Scale Barding Armor
38:10 Chain Barding Armor
38:00 Forging
38:29 Tuntian
38:38 Elite Tiger Cavalry
40:30 Gold Mining
44:12 Iron Casting
44:10 Masonry
45:32 Coinage
46:19 Bracer
47:22 Blast Furnace
47:17 Conscription
47:40 Banking
GOAT Gobz
0:35 Loom
11:22 Feudal Age
12:07 Double-Bit Axe
13:08 Horse Collar
18:23 Scale Barding Armor
21:05 Forging
25:40 Bloodlines
30:14 Castle Age
31:27 Chain Barding Armor
32:21 Wheelbarrow
32:30 Iron Casting
34:31 Fletching
34:36 Pikeman
35:22 Bodkin Arrow
37:15 Heavy Plow
37:28 Bow Saw
41:12 Ballistics
42:43 Hand Cart
43:13 Scale Mail Armor
43:18 Town Watch
43:28 Guard Tower
43:43 Stone Mining
43:43 Gold Mining
44:32 Masonry
44:33 Fortified Wall
44:43 Gambesons
44:59 Squires
44:44 Arson
48:07 Imperial Age
45:42 Town Patrol
Shawn96
0:31 Loom
10:20 Feudal Age
14:57 Fletching
17:13 Padded Archer Armor
27:15 Castle Age
28:28 Elite Skirmisher
30:58 Crossbowman
45:26 Horse Collar
Connection lost

Rejoining the realm…

Still unreachable

The connection could not be restored.

Session expired

The server has moved on; the page needs a fresh start.